 Dungeon Crawl Stone Soup version 0.26-a0-771-g060e6a62af (webtiles) character file.

Game seed: 11428409554839961269

26966 TigOlBitties the Covert (level 13, -3/93 HPs)
             Began as an Octopode Brigand on Nov 9, 2020.
             Was a High Priest of Dithmenos.
             Killed from afar by a rime drake (19 damage)
             ... with a flash freeze
             ... on level 4 of the Lair of Beasts.
             The game lasted 00:50:57 (17126 turns).

TigOlBitties the Covert (Octopode Brigand)         Turns: 17126, Time: 00:50:58

Health: -3/93      AC:  5    Str: 11    XL:     13   Next: 29%
Magic:  0/13       EV: 21    Int: 14    God:    Dithmenos [*****.]
Gold:   612        SH: 15    Dex: 17    Spells: 10/12 levels left

rFire    . . .     SeeInvis .   a - +11 dagger of Unpleasantness {venom, MR+}
rCold    . . .     Faith    .   R - +0 tower shield
rNeg     . . .     Spirit   +   (helmet restricted)
rPois    .         Reflect  .   s - amulet of guardian spirit
rElec    .         Harm     .   v - +4 ring of protection
rCorr    .         Rampage  .   w - +4 ring of evasion
MR       ++...                  O - ring of stealth
Stlth    ++++++++++             Q - ring of protection from magic
HPRegen  0.25/turn              T - ring of fire
MPRegen  0.13/turn              V - ring of ice
                                (no ring)
                                (no ring)

@: wreathed by umbra, lightly drained
A: almost no armour, stealthy swim, amphibious, 8 rings, constrict 8, camouflage
1, gelatinous body 1
a: Shadow Step, Shadow Form, Renounce Religion


You were on level 4 of the Lair of Beasts.
You worshipped Dithmenos.
Dithmenos was extremely pleased with you.
You visited 4 branches of the dungeon, and saw 17 of its levels.
You also visited: Sewer.

You collected 738 gold pieces.
You spent 126 gold pieces at shops.

Inventory:

Hand Weapons
 a - the +11 dagger of Unpleasantness (weapon) {venom, MR+}
   (You bought it in a shop on level 5 of the Dungeon)

   It poisons the flesh of those it strikes.
   It affects your resistance to hostile enchantments.
 b - a +7 short sword of electrocution
 F - a +4 dagger
Missiles
 c - 4 curare-tipped darts
 d - 4 atropa-tipped darts (quivered)
 g - 122 sling bullets
 y - 5 poisoned darts
Armour
 R - a +0 tower shield (worn)
Jewellery
 p - an uncursed amulet of the acrobat
 s - an amulet of guardian spirit (around mantle)
 v - a +4 ring of protection (left tentacle)
 w - a +4 ring of evasion (right tentacle)
 O - a ring of stealth (on tentacle)
 Q - a ring of protection from magic (on tentacle)
 T - a ring of fire (on tentacle)
 V - a ring of ice (on tentacle)
Wands
 i - a wand of iceblast (7)
 z - a wand of polymorph (5)
 A - a wand of disintegration (16)
 H - a wand of digging (6)
 I - a wand of random effects (31)
 J - a wand of flame (71)
 W - a wand of acid (7)
Scrolls
 e - 7 scrolls of magic mapping
 j - 15 scrolls of remove curse
 m - 2 scrolls of immolation {unknown}
 o - 5 scrolls of teleportation
 q - a scroll of enchant weapon {unknown}
 r - a scroll of noise {unknown}
 u - 6 scrolls of blinking {unknown}
 B - 5 scrolls of fog {unknown}
 G - 4 scrolls of identify
 K - 2 scrolls of brand weapon {unknown}
 M - 2 scrolls of fear {unknown}
 N - a scroll of amnesia {unknown}
 S - 2 scrolls of acquirement {unknown}
Potions
 f - 2 potions of cancellation
 h - 2 potions of invisibility
 k - 8 potions of curing
 l - a potion of lignification {unknown}
 n - 5 potions of heal wounds
 t - a potion of brilliance {unknown}
 x - 4 potions of magic {unknown}
 C - a potion of might {unknown}
 D - 2 potions of haste {unknown}
 E - 3 potions of flight {unknown}
 L - 2 potions of berserk rage


   Skills:
 + Level 10.6(10.2) Fighting
 - Level 9.0(8.5) Short Blades
 - Level 5.8(5.4) Throwing
 - Level 10.1(9.6) Dodging
 - Level 12.5(12.0) Stealth
 * Level 8.3(7.8) Shields
 + Level 6.2(5.8) Air Magic
 + Level 3.0(2.6) Evocations


You had 10 spell levels left.
You knew the following spells:

 Your Spells              Type           Power        Failure   Level
a - Swiftness             Air            ###.....     36%         2

Your spell library contained the following spells:

 Spells                   Type           Power        Failure   Level
 Shock                    Conj/Air       #...         63%         1
 Corpse Rot               Necr/Air       N/A          77%         2
 Poisonous Vapours        Pois/Air       #.....       77%         2
 Static Discharge         Conj/Air       #.......     94%         3
 Airstrike                Air            ###.......   94%         4
 Passwall                 Tmut/Erth      #.......     99%         2
 Slow                     Hex            #.......     99%         2
 Wereblood                Tmut           #.......     99%         2
 Lightning Bolt           Conj/Air       #.........   100%        5


Dungeon Overview and Level Annotations

Branches:
Dungeon (11/15)            Temple (1/1) D:4            Lair (4/6) D:11
  Swamp (0/4) Lair:2        Snake (0/4) Lair:2          Orc (1/2) D:11
  Sewer (visited)

Altars:
Cheibriados
Dithmenos
Fedhas
Gozag
Hepliaklqana
Kikubaaqudgha
Makhleb
Nemelex Xobeh
Ru
Vehumet
Xom
Zin
The Shining One

Shops:
D:5 (   D:11 (


Innate Abilities, Weirdness & Mutations

You cannot wear most types of armour.
You are very stealthy in the water. (Stealth+)
You are amphibious.
You can wear up to eight rings at the same time.
You can use your tentacles to constrict eight enemies at once.
Your skin changes colour to match your surroundings (Stealth+).
Your rubbery body absorbs attacks. (AC +1, EV +1)


Message History

The eight-headed hydra bites you!
* * * LOW HITPOINT WARNING * * *
The eight-headed hydra barely misses you.
You block the eight-headed hydra's attack. x2
The eight-headed hydra bites you but does no damage.
The eight-headed hydra misses you. x2; You block the wyvern's attack.
You feel much better. You block the wyvern's attack.
You block the rime drake's attack. The eight-headed hydra bites you!
* * * LOW HITPOINT WARNING * * *
You block the eight-headed hydra's attack.
The eight-headed hydra completely misses you. x2
The eight-headed hydra misses you.
The eight-headed hydra completely misses you.
The eight-headed hydra bites you!
* * * LOW HITPOINT WARNING * * *
The eight-headed hydra completely misses you.
You block the wyvern's attack. The wyvern completely misses you.
The rime drake breathes ice at you. The flash freeze hits you!!
You die... rrkl+....###......## llr.##.#...'......P# llh

##.####...(..## Dr ###
#......# . ##.#..##
#..### #....# ##.#l##
###@l## ###.kD#.####
########
#..........###......#
#...........##.../...##
##....................#
#..^.........#.##.....#
###.........#...#....##
+.........+.#.#[....#
#..........####......#


You could see an eight-headed hydra, a rime drake (catching breath) and 2
wyverns.

Vanquished Creatures
  Fannar (Lair:2)
  A hydra (Lair:4)
  3 two-headed ogres (D:9)
  4 death yaks
  An unseen horror (D:10)
  Pikel (D:5)
  A bog body (Lair:2)
  An ugly thing (D:9)
  5 elephants (Lair:2)
  A centaur zombie (D:9)
  2 black mambas
  4 cane toads
  A rime drake (Lair:4)
  6 komodo dragons
  3 trolls
  A hornet (Lair:4)
  5 blink frogs (Lair:3)
  Grinder (D:5)
  2 shadows
  2 basilisks
  3 wyverns (Lair:4)
  17 yaks
  2 wraiths
  A warg (D:11)
  Edmund (D:6)
  3 swamp worms (Lair:2)
  9 water moccasins
  Duvessa (D:4)
  A black bear (D:11)
  2 orc warriors (D:11)
  4 ice beasts
  3 sky beasts
  4 phantoms
  A necrophage (D:5)
  7 ogres
  4 wolves (Lair:4)
  2 centaurs
  A big kobold (Sewer)
  Blork the orc (D:4)
  Dowan (D:4)
  16 bullfrogs
  2 scorpions
  4 killer bees (D:7)
  18 wights
  4 howler monkeys
  2 electric eels
  3 bullfrog zombies
  5 hounds
  4 orc priests
  Crazy Yiuf (D:5)
  3 jellies
  6 orc wizards
  A bullfrog skeleton (D:6)
  3 iguanas
  6 hell rats
  9 worker ants
  A hound zombie (D:9)
  2 hound skeletons
  3 worker ant zombies
  5 gnolls
  17 adders
  11 river rats
  2 shadow imps
  3 white imps
  3 ufetubi
  An ooze (D:4)
  An adder zombie (D:6)
  4 adder skeletons
  7 worms
  7 leopard geckos
  42 orcs
  5 ball pythons
  7 giant cockroaches
  9 goblins
  9 hobgoblins
  11 jackals
  3 quokkas
  5 bats
  4 frilled lizards
  A goblin skeleton (D:4)
  3 hobgoblin zombies (D:4)
  13 kobolds
  A kobold skeleton (D:4)
  3 kobold zombies (D:4)
  2 leopard gecko skeletons
  An orc skeleton (D:4)
  9 rats
396 creatures vanquished.

Vanquished Creatures (others)
  2 bushes (Lair:4)
  22 fungi
  39 plants
63 creatures vanquished.

Grand Total: 459 creatures vanquished

Notes
Turn   | Place    | Note
-------+----------+-------------------------------------------
     0 | D:1      | TigOlBitties the Octopode Brigand began the quest for the
                  | Orb.
     0 | D:1      | Reached XP level 1. HP: 14/14 MP: 1/1
    45 | D:1      | Reached XP level 2. HP: 19/19 MP: 2/2
   675 | D:1      | Reached XP level 3. HP: 24/24 MP: 3/3
  1345 | D:2      | Reached XP level 4. HP: 24/30 MP: 4/4
  1835 | D:2      | Found an opulent altar of Gozag.
  2181 | D:3      | Noticed a phantom
  2299 | D:3      | Reached skill level 6 in Stealth
  2299 | D:3      | Reached XP level 5. HP: 16/36 MP: 5/5
  3469 | D:3      | Reached XP level 6. HP: 42/42 MP: 6/6
  3487 | D:3      | Found an ancient bone altar of Kikubaaqudgha.
  3698 | D:4      | Noticed a phantom
  3869 | D:4      | Noticed Blork the orc
  3918 | D:4      | Found a glowing golden altar of the Shining One.
  3929 | D:4      | Noticed Duvessa
  3942 | D:4      | Noticed Dowan
  4064 | D:4      | Killed Blork the orc
  4138 | D:4      | Reached skill level 7 in Stealth
  4138 | D:4      | Reached XP level 7. HP: 47/47 MP: 7/7
  4304 | D:4      | Found a staircase to the Ecumenical Temple.
  4316 | Temple   | Entered the Ecumenical Temple
  4336 | Temple   | Became a worshipper of Dithmenos the Shadowed
  4440 | D:4      | Killed Duvessa
  4459 | D:4      | Killed Dowan
  4628 | D:5      | Entered Level 5 of the Dungeon
  4641 | D:5      | Found a shadowy altar of Dithmenos.
  4882 | D:5      | Noticed Grinder
  4884 | D:5      | Killed Grinder
  4884 | D:5      | Reached skill level 8 in Stealth
  4884 | D:5      | Reached XP level 8. HP: 54/54 MP: 8/8
  4907 | D:5      | Found a runed translucent door.
  4908 | D:5      | Noticed Crazy Yiuf
  4915 | D:5      | Killed Crazy Yiuf
  4989 | D:5      | Found Cucogh's Antique Weapon Shoppe.
  4997 | D:5      | Bought a scorched dagger for 126 gold pieces
  4997 | D:5      | Identified the +11 dagger of Unpleasantness {venom, MR+}
                  | (You bought it in a shop on level 5 of the Dungeon)
  5202 | D:5      | Noticed Pikel
  5223 | D:5      | Killed Pikel
  5223 | D:5      | Reached skill level 5 in Fighting
  5223 | D:5      | Reached skill level 5 in Short Blades
  5223 | D:5      | Reached skill level 5 in Throwing
  5504 | D:6      | Reached skill level 9 in Stealth
  5504 | D:6      | Reached XP level 9. HP: 60/60 MP: 9/9
  5511 | D:6      | Reached * piety under Dithmenos
  5511 | D:6      | Reached skill level 5 in Dodging
  5515 | D:6      | Found a shimmering altar of Xom.
  5515 | D:6      | Found a shimmering altar of Xom.
  5516 | D:6      | Found a shimmering altar of Xom.
  5516 | D:6      | Found a shimmering altar of Xom.
  5811 | D:6      | Noticed Edmund
  5838 | D:6      | Killed Edmund
  5999 | D:6      | Found a glowing drain.
  6003 | Sewer    | Entered a sewer
  6217 | Sewer    | Reached ** piety under Dithmenos
  6400 | D:6      | Found a shimmering altar of Xom.
  6400 | D:6      | Found a shimmering altar of Xom.
  6400 | D:6      | Found a shimmering altar of Xom.
  6613 | D:7      | Found a snail-covered altar of Cheibriados.
  6669 | D:7      | Reached skill level 10 in Stealth
  6958 | D:7      | Found a shimmering altar of Xom.
  6959 | D:7      | Found a blossoming altar of Fedhas.
  7140 | D:7      | Reached XP level 10. HP: 52/68 MP: 10/10
  7992 | D:8      | You fall into a shaft and drop 3 floors!
  8031 | D:10     | Entered Level 10 of the Dungeon
  8068 | D:10     | Killed an unseen horror
  8068 | D:10     | Reached skill level 11 in Stealth
  8229 | D:9      | Noticed a two-headed ogre
  8284 | D:9      | Killed a two-headed ogre
  8443 | D:9      | You fall into a shaft and drop 2 floors!
  8458 | D:11     | Reached *** piety under Dithmenos
  8556 | D:9      | Noticed a two-headed ogre
  8558 | D:9      | Killed a two-headed ogre
  8562 | D:9      | Reached XP level 11. HP: 76/76 MP: 11/11
  8631 | D:9      | Reached skill level 12 in Stealth
  9476 | D:9      | Learned a level 2 spell: Swiftness
  9710 | D:9      | Noticed a two-headed ogre
  9738 | D:9      | Killed a two-headed ogre
 10216 | D:10     | Noticed a brown ugly thing
 10257 | D:9      | Killed a brown ugly thing
 10257 | D:9      | Reached skill level 1 in Air Magic
 10484 | D:10     | Found a blossoming altar of Fedhas.
 10943 | D:11     | Reached **** piety under Dithmenos
 10969 | D:11     | Found a staircase to the Orcish Mines.
 11403 | D:11     | Found Lucete's Weapon Shop.
 11542 | D:11     | Found a staircase to the Lair.
 11852 | Orc:1    | Entered Level 1 of the Orcish Mines
 11886 | Lair:1   | Entered Level 1 of the Lair of Beasts
 11888 | Lair:1   | Reached skill level 1 in Shields
 12361 | Lair:1   | Reached XP level 12. HP: 84/84 MP: 12/12
 13588 | Lair:2   | Reached ***** piety under Dithmenos
 13703 | Lair:2   | Found a staircase to the Snake Pit.
 13707 | Lair:2   | Noticed Fannar
 13709 | Lair:2   | Reached skill level 5 in Shields
 13715 | Lair:2   | Killed Fannar
 13847 | Lair:2   | Noticed a death yak
 13847 | Lair:2   | Noticed a death yak
 13847 | Lair:2   | Noticed a death yak
 13850 | Lair:2   | Noticed a death yak
 13854 | Lair:2   | Killed a death yak
 13941 | Lair:1   | Killed a death yak
 14230 | Lair:2   | Reached skill level 10 in Fighting
 14308 | Lair:2   | Identified Spellweaving, Part Two
 14451 | Lair:2   | Found a staircase to the Swamp.
 14454 | Lair:2   | Reached skill level 5 in Air Magic
 14720 | Lair:2   | Killed a death yak
 14720 | Lair:2   | Reached skill level 10 in Dodging
 14734 | Lair:2   | Killed a death yak
 15755 | Lair:3   | Reached skill level 1 in Evocations
 15755 | Lair:3   | Reached XP level 13. HP: 82/92 MP: 13/13
 17121 | Lair:4   | HP: 1/92 [eight-headed hydra (14)]
 17126 | Lair:4   | Killed from afar by a rime drake

Illustrated notes

Levels and vault maps discovered:
D:1:      matt_arrival_debris, layout_basic
D:2:      layout_loops_ring, nicolae_gozag_cash_rules_everything_around_me
D:3:      wad_lake_hut, layout_basic, kiku_gazebo_garden_becter
D:4:      layout_rooms, nicolae_tso_besieged_by_evil, temple_fountains,
          uniq_duvessa, uniq_blork_the_orc
D:5:      layout_loops_ring, basic_altar, serial_shops, shop, glass_columns_c,
          minmay_misc_feat_rows, uniq_crazy_yiuf_cottage, uniq_grinder,
          uniq_pikel
D:6:      layout_rooms, gup_sewer_entry_spiral, minmay_misc_feat_hallway,
          xom_redecorated, uniq_edmund
D:7:      layout_rooms, old_standard_altar, gammafunk_temple_overflow_statue
D:8:      layout_basic, kennysheep_donut
D:9:      layout_loops_ring
D:10:     minmay_evil_eye, layout_gridville, fedhas_altar_1
D:11:     layout_roguey, grunt_lair_entry_orc_guard_hut, erik_orc_4,
          serial_shops, shop
Temple:   eino_temple_scatter_basement
Lair:1:   layout_cave_pods, kennysheep_rathole
Lair:2:   layout_regular_city, nicolae_swamp_entry_splash_gauntlet,
          dummy_snake_entry, uniq_fannar
Lair:3:   layout_gridlike
Lair:4:   layout_roguey [special_room_mythical_zoo], small_statue_intersection,
          nicolae_quartered_pool_super, ldierk_geyser
Orc:1:    layout_caves, mines4_lemuel, uniq_josephine

Skill      XL: |  1  2  3  4  5  6  7  8  9 10 11 12 13 |
---------------+----------------------------------------+-----
Dodging        | 2 3 4 6 7 9 10 | 10.1
Stealth        | 6 7 8 9 10 11 12 | 12.5
Fighting       | 3 4 5 6 7 9 10 | 10.6
Throwing       | 3 4 5 |  5.8
Short Blades   | 3 4 5 6 8 9 |  9.0
Air Magic      | 3 5 6 |  6.2
Shields        | 3 7 8 |  8.3
Evocations     | 1 3 |  3.0

Action                   |  1- 3 |  4- 6 |  7- 9 | 10-12 | 13-15 || total
-------------------------+-------+-------+-------+-------+-------++-------
Melee: Dagger            |    58 |    86 |    83 |   382 |   107 ||   716
       Constrict         |    12 |    27 |    35 |    58 |     9 ||   141
       Tentacles         |     5 |    18 |    23 |   103 |    22 ||   171
       Short sword       |       |     8 |    95 |    80 |       ||   183
Throw: Dart              |     7 |    26 |    13 |    17 |     3 ||    66
Evoke: Wand              |       |       |       |       |     9 ||     9
  Use: Scroll            |       |     4 |     7 |     3 |     2 ||    16
       Potion            |       |       |       |       |     2 ||     2
 Stab: Sleeping          |    10 |    20 |    35 |    63 |     8 ||   136
       Distracted        |       |       |       |     4 |     1 ||     5
       Invisible         |       |       |       |     3 |     1 ||     4
       Paralysed         |       |       |       |       |     1 ||     1
Armor: Skin              |     2 |     4 |    10 |    28 |     6 ||    50
Dodge: Dodged            |    23 |    40 |   104 |   205 |    74 ||   446
Block: Buckler           |     5 |    13 |    13 |    24 |       ||    55
       Tower shield      |       |       |       |    91 |    83 ||   174

Table legend: (Time is in decaauts)
 A = Elapsed time spent in this place.
 B = Non-inter-level travel time spent in this place.
 C = Inter-level travel time spent in this place.
 D = Time resting spent in this place.
 E = Time spent auto-exploring this place.
 F = Levels seen in this place.
 G = Mean time per level.
                   A        B        C        D        E       F      G
               +--------+--------+--------+--------+--------+-----+--------+
         Total |  16880 |  16343 |    537 |   3952 |   6682 |  18 |  937.8 |
       Dungeon |  11439 |  10933 |    506 |   1731 |   4980 |  11 | 1039.9 |
        Temple |     31 |     31 |      0 |      0 |     10 |   1 |   31.0 |
          Lair |   5136 |   5106 |     30 |   2221 |   1597 |   4 | 1284.0 |
  Orcish Mines |      1 |      1 |      0 |      0 |      0 |   1 |    1.0 |
         Sewer |    270 |    270 |      0 |      0 |     95 |   1 |  270.0 |
               +--------+--------+--------+--------+--------+-----+--------+

Top non-repeatable levels by time:
     D:3: 1949 daAuts
  Lair:1: 1847 daAuts
  Lair:2: 1428 daAuts
     D:9: 1308 daAuts
     D:1: 1092 daAuts
  Lair:4: 1065 daAuts
    D:11: 1031 daAuts
     D:2: 988 daAuts
     D:8: 889 daAuts
     D:7: 889 daAuts
    D:10: 879 daAuts
     D:5: 861 daAuts
     D:6: 821 daAuts
  Lair:3: 794 daAuts
     D:4: 728 daAuts
